 Dungeon Crawl Stone Soup version 0.30-a0-757-ga6a79fd877 (webtiles) character file.

Game seed: 1159281696797595453

1138 jlumianski the Chopper (level 8, -2/63 HPs)
             Began as a Demonspawn Fighter on Feb 10, 2023.
             Killed from afar by Dowan (11 damage)
             ... with a stone arrow
             ... on level 5 of the Dungeon.
             The game lasted 00:23:02 (4025 turns).

jlumianski the Chopper (Demonspawn Fighter)         Turns: 4025, Time: 00:23:02

Health: -2/63      AC: 17    Str: 19    XL:     8   Next: 14%
Magic:  8/8        EV:  7    Int: 10    God:
Gold:   197        SH:  4    Dex: 12    Spells: 7/7 levels left

rFire   . . .      SeeInvis .    a - +0 war axe
rCold   . . .      Faith    .    c - +0 buckler
rNeg    . . .      Spirit   .    k - +0 chain mail
rPois   .          Reflect  .    (helmet restricted)
rElec   .          Harm     .    F - +0 cloak
rCorr   .          Rampage  .    (no gloves)
Will    .....                    (no boots) Stlth
                                 (no amulet)
HPRegen 0.30/turn                t - +4 ring of protection
MPRegen 0.11/turn                (no ring)

@: no status effects
A: antennae 1, icy blue scales 1, spiny 2
a: no special abilities


You were on level 5 of the Dungeon.
You visited 1 branch of the dungeon, and saw 5 of its levels.

You collected 197 gold pieces.

Inventory:

Hand Weapons
 a - a +0 war axe (weapon)
 C - a +4 flail of protection
Missiles
 j - 40 stones
 x - 10 poisoned darts (quivered)
Armour
 b - a +0 scale mail
 c - a +0 buckler (worn)
 k - a +0 chain mail (worn)
 F - a +0 cloak (worn)
Jewellery
 o - a +6 ring of intelligence
 t - a +4 ring of protection (left hand)
 y - a ring of fire
 E - a ring of ice
Wands
 u - a wand of flame (28)
 G - a wand of iceblast (8)
Scrolls
 g - 2 scrolls of silence
 l - a scroll of fear {unknown}
 p - a scroll of enchant armour {unknown}
 q - 2 scrolls of immolation {unknown}
 w - 2 scrolls of butterflies {unknown}
 A - a scroll of acquirement {unknown}
 D - a scroll of teleportation {unknown}
Potions
 d - a potion of might
 e - 3 potions of curing
 f - a potion of degeneration
 h - a potion of haste
 i - a potion of flight
 m - a potion of invisibility
 s - a potion of heal wounds
 v - a potion of ambrosia
 z - a potion of magic {unknown}
 B - a potion of mutation


   Skills:
 * Level 5.4 Fighting
 + Level 5.7 Axes
 + Level 1.0 Throwing
 + Level 4.9 Armour
 + Level 1.6 Dodging
 + Level 0.2 Stealth
 + Level 3.5 Shields
 + Level 1.0 Evocations


You had 7 spell levels left.
You didn't know any spells.
Your spell library contained the following spells:

 Spells                   Type           Power      Damage    Failure   Level
 Cigotuvi's Dreadful Rot  Necr/Pois/Air  0%         N/A       100%        2
 Poisonous Vapours        Pois/Air       0%         N/A       100%        2
 Mephitic Cloud           Conj/Pois/Air  0%         N/A       100%        3


Dungeon Overview and Level Annotations

Branches:
Dungeon (5/15)
 Temple: D:4-7

Altars:
Hepliaklqana
Trog
Vehumet
Yredelemnul

Shops:
D:4 *

Annotations:
D:5 Dowan


Innate Abilities, Weirdness & Mutations

You have a pair of small antennae on your head.
You are partially covered in icy blue scales. (AC +2)
You are mostly covered in sharp spines.


Message History

You closely miss Duvessa.
Duvessa is almost dead.
Duvessa is struck by your spines. Duvessa hits you with a +0 short sword.
You hit Duvessa.
You kill Duvessa!
Dowan screams, "No!
No!"
Dowan seems to find hidden reserves of power!
Your Throwing skill increases to level 1!
Your Evocations skill increases to level 1!
Things that are here:
a +0 short sword; a +0 leather armour Dowan gestures wildly while chanting.
Dowan blinks!
Dowan gestures at you while chanting. The shard of ice hits you!!
Dowan mumbles some strange words.
Dowan blinks!
Dowan says, "Magic will overcome all!"
Dowan points at you and mumbles some strange words.
The shard of ice hits you!!
* * * LOW HITPOINT WARNING * * *
You hit Dowan.
Dowan is lightly wounded.
You block Dowan's attack. Dowan hits you but does no damage.
You slash Dowan!
Dowan is heavily wounded.
Dowan barely misses you.
Dowan mumbles some strange words.
Dowan blinks!
Dowan casts a spell.
Dowan blinks!
Dowan hits you but does no damage.
You miss Dowan.
Dowan is heavily wounded.
Dowan casts a spell at you. The stone arrow hits you!
* * * LOW HITPOINT WARNING * * *
Dowan points at you and mumbles some strange words.
The stone arrow hits you!
You die...

#####...# #.#
#<......#+###.#
#.....†....##.#
#....##....##.#
#....##....##.#
+....++....##.#
#....##....##.#
...#####....##.#
#.#.# #....##@#
#.#.# #######e#
#)# #.# #.# #.#
#.# #.# #.#


You could see Dowan (fast).

Vanquished Creatures
  Eustachio (D:4)
  Menkaure (D:5)
  Edmund (D:4)
  A water moccasin (D:5)
  Duvessa (D:5)
  Blork the orc (D:4)
  4 hounds
  An orc priest (D:3)
  Crazy Yiuf (D:4)
  Jessica (D:3)
  Ijyb (D:5)
  Terence (D:2)
  2 iguanas (D:5)
  2 orc wizards (D:3)
  4 adders
  2 ufetubi
  4 worms
  2 orcs (D:4)
  6 ball pythons
  6 endoplasms
  A giant cockroach (D:3)
  6 goblins
  2 hobgoblins (D:4)
  4 jackals (D:1)
  7 kobolds
  6 quokkas
  8 bats
  3 frilled lizards
  4 rats
84 creatures vanquished.

Vanquished Creatures (others)
  3 plants (D:1)
3 creatures vanquished.

Grand Total: 87 creatures vanquished

Notes
Turn   | Place    | Note
-------+----------+-------------------------------------------
     0 | D:1      | jlumianski the Demonspawn Fighter began the quest for the
                  | Orb.
     0 | D:1      | Reached XP level 1. HP: 18/18 MP: 1/1
   183 | D:1      | Gained mutation: You are partially covered in icy blue
                  | scales. (AC +2) [demonic ancestry]
   183 | D:1      | Reached XP level 2. HP: 24/24 MP: 2/2
   780 | D:1      | Gained mutation: You are partially covered in sharp spines.
                  | [demonic ancestry]
   780 | D:1      | Reached XP level 3. HP: 27/29 MP: 3/3
   874 | D:2      | Found a bloodstained altar of Trog.
   877 | D:2      | Noticed Terence
   886 | D:2      | Killed Terence
  1152 | D:2      | Reached XP level 4. HP: 35/35 MP: 4/4
  1181 | D:3      | Found a hazy altar of Hepliaklqana.
  1698 | D:4      | Noticed Blork the orc
  1763 | D:3      | Found a faded altar of an unknown god.
  1834 | D:3      | Found a radiant altar of Vehumet.
  2113 | D:3      | Noticed Jessica
  2119 | D:3      | Killed Jessica
  2222 | D:4      | Noticed Eustachio
  2385 | D:3      | Gained mutation: You are mostly covered in sharp spines.
                  | [demonic ancestry]
  2385 | D:3      | Reached XP level 5. HP: 24/42 MP: 5/5
  2484 | D:4      | Killed Eustachio
  2485 | D:4      | Reached skill level 1 in Dodging
  2485 | D:4      | Gained mutation: You have a pair of small antennae on your
                  | head. [demonic ancestry]
  2485 | D:4      | Reached XP level 6. HP: 48/48 MP: 6/6
  2699 | D:4      | Found a runed translucent door.
  2700 | D:4      | Noticed Crazy Yiuf
  2769 | D:4      | Killed Blork the orc
  2819 | D:5      | Entered Level 5 of the Dungeon
  2978 | D:4      | Noticed Edmund
  2999 | D:4      | Killed Edmund
  3000 | D:4      | Reached XP level 7. HP: 7/55 MP: 7/7
  3178 | D:4      | Found a basalt altar of Yredelemnul.
  3187 | D:4      | Noticed a profane servitor
  3221 | D:4      | Noticed an angel
  3304 | D:4      | Found Ritiusit's Fire Supplies.
  3533 | D:4      | Killed Crazy Yiuf
  3681 | D:5      | Reached skill level 5 in Fighting
  3681 | D:5      | Reached skill level 5 in Axes
  3763 | D:5      | Noticed Ijyb
  3770 | D:5      | Killed Ijyb
  3851 | D:5      | Noticed Menkaure
  3856 | D:5      | Killed Menkaure
  3996 | D:5      | Reached XP level 8. HP: 62/62 MP: 8/8
  4007 | D:5      | Noticed Duvessa
  4008 | D:5      | Noticed Dowan
  4015 | D:5      | Killed Duvessa
  4016 | D:5      | Reached skill level 1 in Throwing
  4016 | D:5      | Reached skill level 1 in Evocations
  4025 | D:5      | Killed from afar by Dowan

Illustrated notes

Levels and vault maps discovered:
D:1:      dpeg_arrival_stonehenge_8_columns, layout_loops_ring, serial_forest,
          infiniplex_forest_lined_3_way, infiniplex_forest_end_2,
          infiniplex_forest_clump_long, infiniplex_forest_lined_corner,
          infiniplex_forest_straight_4, infiniplex_forest_straight_3,
          infiniplex_forest_diagonal
D:2:      layout_basic, basic_altar, minmay_tromino_v7, uniq_terence
D:3:      layout_basic, mainiacjoe_overflow_alcove_1, vehumet_altar_wand_db,
          dreamdust_ecumenical_altar_grove, kennysheep_generic_room_6,
          uniq_jessica
D:4:      layout_loops_cross, grunt_temple_overflow_holy_war,
          nicolae_shop_fire_sale [nicolae_sub_dead_trees], uniq_blork_the_orc,
          uniq_eustachio, uniq_edmund, uniq_crazy_yiuf_cottage
D:5:      layout_basic, hangedman_decor_slide_cut, uniq_menkaure, uniq_ijyb,
          uniq_duvessa

Skill      XL: |  1  2  3  4  5  6  7  8 |
---------------+-------------------------+-----
Axes           | 2 3 4 5 |  5.7
Armour         | 3 4 |  4.9
Shields        | 3 |  3.5
Fighting       | 4 5 |  5.4
Dodging        | 1 |  1.6
Throwing       | 1 |  1.0
Evocations     | 1 |  1.0
Stealth        | |  0.2

Action                     |  1- 3 |  4- 6 |  7- 9 || total
---------------------------+-------+-------+-------++-------
  Melee: War axe           |   104 |    85 |    50 ||   239
  Throw: Dart              |       |     6 |       ||     6
         Stone             |       |     2 |       ||     2
  Evoke: Wand              |       |     6 |       ||     6
    Use: Scroll            |       |       |     7 ||     7
         Potion            |       |       |     3 ||     3
 Armour: Scale mail        |    63 |       |       ||    63
         Chain mail        |     5 |    67 |    28 ||   100
  Dodge: Dodged            |    53 |    20 |    20 ||    93
  Block: Buckler           |    29 |    17 |    11 ||    57

Table legend: (Time is in decaauts)
 A = Elapsed time spent in this place.
 B = Non-inter-level travel time spent in this place.
 C = Inter-level travel time spent in this place.
 D = Time resting spent in this place.
 E = Time spent auto-exploring this place.
 F = Levels seen in this place.
 G = Mean time per level.
                   A        B        C        D        E       F      G
               +--------+--------+--------+--------+--------+-----+--------+
         Total |   4133 |   3985 |    148 |    221 |   2257 |   5 |  826.6 |
       Dungeon |   4133 |   3985 |    148 |    221 |   2257 |   5 |  826.6 |
               +--------+--------+--------+--------+--------+-----+--------+

Top non-repeatable levels by time:
     D:4: 1168 daAuts
     D:1: 840 daAuts
     D:3: 825 daAuts
     D:2: 811 daAuts
     D:5: 488 daAuts
